 Dungeon Crawl Stone Soup version 0.19.1 (webtiles) character file.

156 CanadianGator the Shield-Bearer (level 5, -2/42 HPs)
             Began as a Formicid Fighter on Dec 21, 2016.
             Slain by CanadianGator's ghost (8 damage)
             ... on level 4 of the Dungeon.
             The game lasted 00:14:02 (2764 turns).

CanadianGator the Shield-Bearer (Formicid Fighter)  Turns: 2764, Time: 00:14:02

Health: -2/42      AC:  9    Str: 26    XL:     5   Next: 64%
Magic:  5/5        EV:  7    Int:  8    God:
Gold:   147        SH: 10    Dex: 10    Spells: 0 memorised, 4 levels left

rFire  . . .     SeeInvis +     t - +1 long sword (holy)
rCold  . . .     Gourm    .     q - +0 chain mail
rNeg   . . .     Faith    .     c - +0 shield
rPois  .         Spirit   .     (helmet unavailable)
rElec  .         Reflect  .     (no cloak)
rCorr  .         Harm     .     (no gloves)
MR     .....                    (no boots)
Stlth  ..........               (no amulet)
                                (no ring)
                                (no ring)

@: mighty
A: permanent stasis, dig shafts and tunnels, four strong arms, antennae 3
a: Dig, Shaft Self


You were on level 4 of the Dungeon.
You were not hungry.

You visited 1 branch of the dungeon, and saw 4 of its levels.

You collected 147 gold pieces.

Inventory:

Hand Weapons
 t - a +1 long sword of holy wrath (weapon)
Armour
 b - a +0 scale mail
 c - a +0 shield (worn)
 q - a +0 chain mail (worn)
Wands
 p - a wand of acid (8/15)
Scrolls
 g - 5 scrolls of identify {unknown}
 h - a scroll of enchant armour {unknown}
 j - a scroll of teleportation {unknown}
 n - a scroll of random uselessness {unknown}
 o - 3 scrolls of remove curse {unknown}
 u - a scroll of blinking {unknown}
Potions
 e - 2 potions of agility {unknown}
 i - 2 potions of degeneration {unknown}
 k - 2 potions of curing {unknown}
 m - a potion of cancellation {unknown}
Comestibles
 a - 2 fruits
 f - 3 bread rations
 l - a beef jerky
 r - a slice of pizza
 s - 2 meat rations


   Skills:
 + Level 4.0 Fighting
 + Level 2.6 Long Blades
 + Level 4.0 Armour
 + Level 1.5 Dodging
 + Level 4.7 Shields
 + Level 1.2 Evocations


You had 4 spell levels left.
You didn't know any spells.

Dungeon Overview and Level Annotations

Branches:
Dungeon (4/15)
 Temple: D:4-7

Altars:
Nemelex Xobeh
Ru
The Shining One

Shops:
D:4 }

Annotations:
D:4 CanadianGator's ghost, amateur FoFi


Innate Abilities, Weirdness & Mutations

You are under a permanent stasis effect.
You can dig through walls and to a lower floor.
Your four strong arms can wield two-handed weapons with a shield.
You have a pair of large antennae on your head. (SInv)


Message History

You feel very mighty all of a sudden. CanadianGator's ghost hits you.
You slash CanadianGator's ghost!
CanadianGator's ghost convulses.
CanadianGator's ghost is moderately damaged.
You block CanadianGator's ghost's attack.
CanadianGator's ghost barely misses you.
You slash CanadianGator's ghost!
CanadianGator's ghost convulses.
CanadianGator's ghost is heavily damaged.
CanadianGator's ghost hits you.
You barely miss CanadianGator's ghost.
CanadianGator's ghost is heavily damaged.
CanadianGator's ghost hits you!
You barely miss CanadianGator's ghost.
CanadianGator's ghost is heavily damaged.
CanadianGator's ghost hits you!
* * * LOW HITPOINT WARNING * * *
You barely miss CanadianGator's ghost.
CanadianGator's ghost is heavily damaged.
CanadianGator's ghost hits you!
You die...

#.## { #..# ..
##.# '# #.# .# #.#
#####.#### #.#
#........### #.#
#.##...#..)#
#.#####o#.........
#...@Woo.....#
#######.##...#
#.##......#
#.#####..## #..
.... ### ####


You could see CanadianGator's ghost and 3 orcs.

Vanquished Creatures
  An orc priest (D:3)
  3 adders
  A dart slug (D:1)
  2 leopard geckos (D:2)
  10 orcs
  7 bats
  4 giant cockroaches
  6 goblins
  16 hobgoblins
  15 kobolds
  2 quokkas
  4 frilled lizards
  4 rats
75 creatures vanquished.

Notes
Turn   | Place    | Note
-------+----------+-------------------------------------------
     0 | D:1      | CanadianGator the Formicid Fighter began the quest for the Orb.
     0 | D:1      | Reached XP level 1. HP: 18/18 MP: 1/1
   282 | D:1      | Reached XP level 2. HP: 24/24 MP: 2/2
   501 | D:1      | Reached XP level 3. HP: 24/29 MP: 3/3
   755 | D:2      | Reached skill level 1 in Dodging
  1107 | D:2      | Reached XP level 4. HP: 26/35 MP: 4/4
  1414 | D:2      | Found a sacrificial altar of Ru.
  1825 | D:3      | Reached XP level 5. HP: 14/42 MP: 5/5
  2218 | D:3      | Found a sparkling altar of Nemelex Xobeh.
  2346 | D:3      | Found a glowing golden altar of the Shining One.
  2479 | D:4      | Found Atusecum's Gadget Emporium.
  2616 | D:4      | Reached skill level 1 in Evocations
  2746 | D:4      | Noticed CanadianGator's ghost (amateur FoFi)
  2764 | D:4      | Slain by CanadianGator's ghost

Skill      XL: |  1  2  3  4  5 |
---------------+----------------+-----
Shields        | 4 |  4.7
Dodging        | 1 |  1.5
Fighting       | 4 |  4.0
Armour         | 4 |  4.0
Evocations     | 1 |  1.2
Long Blades    | |  2.6

Action                   |  1- 3 |  4- 6 || total
-------------------------+-------+-------++-------
Melee: Long sword        |   123 |   144 ||   267
 Abil: Dig               |       |     1 ||     1
Evoke: Wand              |       |     1 ||     1
  Use: Potion            |       |     1 ||     1
  Eat: Chunk             |     1 |     3 ||     4
       Meat ration       |       |     1 ||     1
Armor: Scale mail        |    61 |    19 ||    80
       Chain mail        |       |    39 ||    39
Dodge: Dodged            |    47 |    32 ||    79
Block: Shield            |    67 |    78 ||   145
       Rpst.: Long sword |    15 |     9 ||    24
